 Dungeon Crawl Stone Soup version 0.19.1-1-g22dce08 (webtiles) character file.

1195 Jynx the Arsonist (level 8, -2/41 HPs)
             Began as a Deep Elf Fire Elementalist on Jan 16, 2017.
             Killed from afar by an orc wizard (10 damage)
             ... with a magic dart
             ... on level 6 of the Dungeon.
             The game lasted 00:10:18 (5230 turns).

Jynx the Arsonist (Deep Elf Fire Elementalist)      Turns: 5230, Time: 00:10:19

Health: -2/41      AC:  2    Str:  5    XL:     8   Next: 20%
Magic:  8/20       EV: 13    Int: 25    God:
Gold:   335        SH:  0    Dex: 15    Spells: 4 memorised, 7 levels left

rFire  . . .     SeeInvis .     p - +0 dagger (drain)
rCold  + . .     Gourm    .     a - +0 robe
rNeg   . . .     Faith    .     (no shield)
rPois  .         Spirit   .     (no helmet)
rElec  .         Reflect  .     (no cloak)
rCorr  .         Harm     .     (no gloves)
MR     .....                    (no boots)
Stlth  ++........               (no amulet)
                                r - +2 ring of intelligence
                                v - ring of protection from cold

@: no status effects
A: no striking features
a: no special abilities


You were on level 6 of the Dungeon.
You were not hungry.

You visited 1 branch of the dungeon, and saw 6 of its levels.

You collected 335 gold pieces.

Inventory:

Hand Weapons
 p - a +0 dagger of draining (weapon)
Armour
 a - a +0 robe (worn)
Jewellery
 r - a +2 ring of intelligence (right hand)
 s - an uncursed ring of stealth
 v - a ring of protection from cold (left hand)
Wands
 j - a wand of polymorph (7/24)
 m - a wand of random effects (17/48)
 n - a wand of lightning (8/15)
 w - a wand of slowing (31/48)
Scrolls
 g - a scroll of blinking
 q - a scroll of teleportation
Potions
 d - 2 potions of curing
 e - 3 potions of lignification
 f - 5 potions of brilliance
 h - a potion of haste {unknown}
 o - 2 potions of flight {unknown}
 t - a potion of berserk rage
Books
 b - a book of Flames

   Spells                             Type                      Level
   a - Flame Tongue                   Conjuration/Fire             1
   b - Throw Flame                    Conjuration/Fire             2
   c - Conjure Flame                  Conjuration/Fire             3
   d - Inner Flame                    Hexes/Fire                   3
   e - Sticky Flame                   Conjuration/Fire             4
   f - Fireball                       Conjuration/Fire             5
Comestibles
 c - 6 bread rations
 i - 4 meat rations
 k - a beef jerky
 l - 2 fruits
 u - 3 chunks of flesh


   Skills:
 - Level 2.4 Dodging
 - Level 2.4 Stealth
 + Level 6.9 Spellcasting
 + Level 5.4 Conjurations
 * Level 8.3 Fire Magic


You had 7 spell levels left.
You knew the following spells:

 Your Spells              Type           Power        Failure   Level  Hunger
a - Flame Tongue          Conj/Fire      #####        1%          1    None
b - Conjure Flame         Conj/Fire      #####...     1%          3    None
c - Sticky Flame          Conj/Fire      #####...     4%          4    ###....
d - Fireball              Conj/Fire      #####.....   12%         5    #####..


Dungeon Overview and Level Annotations

Branches:
Dungeon (6/15)
 Temple: D:4-7

Altars:
Ashenzari
Dithmenos
Ru

Shops:
D:4 ?[


Message History

* * * LOW HITPOINT WARNING * * *
Casting: Flame Tongue
Confirm with . or Enter, or press ? or * to list all spells.
Aiming: Flame Tongue
Press: ? - help, Shift-Dir - straight line, f/p - orc
Aim: an orc, wielding a flail and wearing a leather armour (heavily wounded)
The flame tongue hits the orc.
You kill the orc!
The crimson imp blinks!
Something hits you.
* * * LOW HITPOINT WARNING * * *
Casting: Flame Tongue
Confirm with . or Enter, or press ? or * to list all spells.
Aiming: Sticky Flame
Press: ? - help, Shift-Dir - straight line The sticky flame hits something.
The orc wizard is covered in liquid flames!
The orc wizard burns!
The orc wizard gestures at you while chanting.
The magic dart hits you!
You die...

#.##....#.%..e>...
#.##...........###
#.##e.......#..#
#..............#
#e##.....##.##.# #########
##.####.##.....##.# .#
#.......#
........###..(###.##.#
#.#####..
##.###..###....)[....#
#.#####.# #e........o@5..#
#.##.<..#
######.##########...#
#.##)##.# #........# #...#
#.##.##.# #.####.#.# #...#
#..[..... ##.#.#### #...#
#.##..#.#
#.......#####...#####.##..#.#
#.##.................).#.....
#. #........).>........##.)..
#. #.#.................# ....


You could see an orc wizard (burning) and a crimson imp.

Vanquished Creatures
  A water moccasin (D:5)
  Duvessa (D:6)
  4 ogres
  A bullfrog (D:6)
  Dowan (D:6)
  A jelly (D:5)
  A hound (D:5)
  3 orc priests
  A bullfrog skeleton (D:5)
  3 orc wizards
  2 worker ants (D:5)
  6 gnolls
  7 adders
  2 adder skeletons
  5 worms
  3 dart slugs
  3 leopard geckos
  12 orcs
  8 bats
  8 giant cockroaches
  8 goblins
  3 hobgoblins
  5 jackals
  A ball python (D:2)
  5 frilled lizards
  8 kobolds
  A leopard gecko zombie (D:5)
  4 rats
108 creatures vanquished.

Notes
Turn   | Place    | Note
-------+----------+-------------------------------------------
     0 | D:1      | Jynx the Deep Elf Fire Elementalist began the quest for the Orb.
     0 | D:1      | Reached XP level 1. HP: 10/10 MP: 6/6
   320 | D:1      | Reached XP level 2. HP: 15/15 MP: 5/8
   672 | D:1      | Reached skill level 4 in Fire Magic
   843 | D:2      | Reached XP level 3. HP: 18/19 MP: 3/10
   954 | D:2      | Found a shadowy altar of Dithmenos.
  1406 | D:2      | Found a shattered altar of Ashenzari.
  1537 | D:2      | Reached XP level 4. HP: 24/24 MP: 9/11
  2563 | D:4      | Reached skill level 5 in Fire Magic
  2563 | D:4      | Reached XP level 5. HP: 22/28 MP: 7/13
  2572 | D:4      | HP: 1/28 [something (6)]
  2815 | D:4      | Noticed an ogre
  2851 | D:3      | Learned a level 3 spell: Conjure Flame
  2856 | D:3      | Learned a level 4 spell: Sticky Flame
  2862 | D:3      | Learned a level 5 spell: Fireball
  2946 | D:4      | Killed an ogre
  2946 | D:4      | Reached XP level 6. HP: 32/32 MP: 3/15
  3278 | D:4      | Found a sacrificial altar of Ru.
  3371 | D:4      | Reached skill level 6 in Fire Magic
  3485 | D:4      | Found Fumim's Antique Armour Shop.
  3565 | D:4      | Reached skill level 5 in Spellcasting
  3610 | D:4      | Found Rebay's Magic Scroll Emporium.
  3831 | D:5      | Entered Level 5 of the Dungeon
  3831 | D:5      | Noticed a water moccasin
  3835 | D:5      | Killed a water moccasin
  3835 | D:5      | Reached XP level 7. HP: 28/36 MP: 8/17
  4121 | D:5      | Reached skill level 7 in Fire Magic
  4124 | D:5      | Got a pair of encrusted boots
  4130 | D:5      | Identified the +2 pair of boots "Jaakk" {Int-2 Dex+6} (You found it on level 5 of the Dungeon)
  4820 | D:6      | Reached skill level 5 in Conjurations
  4870 | D:6      | Noticed Duvessa
  4873 | D:6      | Noticed Dowan
  5063 | D:6      | Killed Dowan
  5063 | D:6      | Reached XP level 8. HP: 36/41 MP: 5/19
  5064 | D:6      | Killed Duvessa
  5064 | D:6      | Reached skill level 8 in Fire Magic
  5230 | D:6      | Killed from afar by an orc wizard

Skill      XL: |  1  2  3  4  5  6  7  8 |
---------------+-------------------------+-----
Fire Magic     | 4 5 6 7 8 |  8.3
Conjurations   | 2 3 4 5 |  5.4
Spellcasting   | 4 5 6 |  6.9
Dodging        | |  2.4
Stealth        | |  2.4

Action                   |  1- 3 |  4- 6 |  7- 9 || total
-------------------------+-------+-------+-------++-------
Melee: Unarmed           |     6 |       |       ||     6
       Short sword       |       |     7 |       ||     7
       Dagger            |       |     5 |    26 ||    31
 Cast: Flame Tongue      |    63 |   112 |    82 ||   257
       Conjure Flame     |       |     2 |     4 ||     6
       Sticky Flame      |       |     1 |     2 ||     3
       Fireball          |       |       |     3 ||     3
  Use: Scroll            |     3 |     7 |     2 ||    12
       Potion            |     1 |     1 |       ||     2
 Stab: Distracted        |       |       |     1 ||     1
  Eat: Chunk             |     2 |     7 |     5 ||    14
Armor: Robe              |     8 |     8 |     6 ||    22
Dodge: Dodged            |    20 |    19 |    30 ||    69
